 Dungeon Crawl Stone Soup version 0.30.1-4-g462c640d31 (webtiles) character file.

Game seed: 4474161639577454063

197 leafyfresh the Changer (level 5, -2/38 HPs)
             Began as a Merfolk Transmuter on Aug 22, 2023.
             Slain by Blork the orc
             ... wielding a +0 dire flail
              (10 damage)
             ... on level 4 of the Dungeon.
             The game lasted 00:04:17 (3196 turns).

leafyfresh the Changer (Merfolk Transmuter)         Turns: 3196, Time: 00:04:18

Health: -2/38      AC:  2    Str: 11    XL:     5   Next: 75%
Magic:  2/8        EV: 21    Int: 14    God:
Gold:   173        SH:  0    Dex: 19    Spells: 4/8 levels left

rFire   + . .        x - melded +2 short sword (venom)
rCold   . . .        (shield currently unavailable)
rNeg    . . .        a - melded +0 robe
rPois   x            (helmet currently unavailable)
rElec   .            (cloak currently unavailable)
rCorr   .            (gloves currently unavailable)
SInv    .            (boots currently unavailable)
Will    +....        (no amulet)
Stlth   ++           w - ring of willpower
HPRegen 0.26/turn    o - ring of protection from fire
MPRegen 0.11/turn

%: no passive effects
@: spider-form, very slightly contaminated
A: venomous fangs, tiny, (nimble swimmer 2), (mertail)
a: End Transformation


You were on level 4 of the Dungeon.
You were a venomous arachnid creature.
You visited 1 branch of the dungeon, and saw 4 of its levels.

You collected 173 gold pieces.

Inventory:

Hand Weapons
 g - a +0 short sword
 p - a +0 dagger of speed
 u - a +3 dagger
 x - a +2 short sword of venom (melded)
Armour
 a - a +0 robe (melded)
Magical Staves
 k - a staff of poison
Jewellery
 o - a ring of protection from fire (right front pincers)
 w - a ring of willpower (left front pincers)
Wands
 l - a wand of quicksilver (10)
Scrolls
 c - a scroll of magic mapping {unknown}
 d - 2 scrolls of amnesia {unknown}
 e - a scroll of brand weapon {unknown}
 f - 2 scrolls of poison {unknown}
 h - 2 scrolls of blinking {unknown}
 i - 2 scrolls of vulnerability {unknown}
 j - 2 scrolls of immolation {unknown}
 n - 3 scrolls of identify {unknown}
 r - a scroll of enchant armour {unknown}
 t - a scroll of teleportation {unknown}
 v - a scroll of noise {unknown}
Potions
 b - a potion of lignification
 m - a potion of mutation {unknown}
 q - 4 potions of attraction {unknown}
 s - a potion of brilliance {unknown}


   Skills:
 + Level 2.0 Fighting
 + Level 3.4 Dodging
 + Level 3.7 Unarmed Combat
 - Level 2.0 Spellcasting
 - Level 6.6 Transmutations


You had 4 spell levels left.
You knew the following spells:

 Your Spells              Type           Power      Damage    Failure   Level
a - Beastly Appendage     Tmut           40%        N/A       7%          1
b - Spider Form           Tmut/Pois      10%        N/A       38%         3

Your spell library contained the following spells:

 Spells                   Type           Power      Damage    Failure   Level
 Wereblood                Tmut           20%        N/A       9%          2
 Freeze                   Ice            4%         1d3       45%         1
 Kiss of Death            Conj/Necr      4%         2d5       45%         1
 Ice Form                 Ice/Tmut       10%        N/A       73%         4
 Confusing Touch          Hex            1%         N/A       77%         3
 Frozen Ramparts          Ice            2%         1d1       77%         3
 Hailstorm                Conj/Ice       1%         3d3       77%         3
 Dispel Undead            Necr           1%         3d6       98%         4
 Chain Lightning          Conj/Air       0%         2d1       100%        9
 Fire Storm               Conj/Fire      0%         6d1       100%        9
 Shatter                  Erth           0%         3d5*      100%        9


Dungeon Overview and Level Annotations

Branches:
Dungeon (4/15)
 Temple: D:4-7

Altars:
Dithmenos
The Shining One

Shops:
D:4 *

Annotations:
D:4 Blork the orc


Innate Abilities, Weirdness & Mutations

You are a venomous arachnid creature.
You have venomous fangs.
You are tiny and dextrous.
Your spellcasting is less reliable in this form.
Your armour is entirely melded.
You are incapable of wielding weapons or throwing items.
((You are very nimble when in or above water. (Stealth+, EV+, Speed+++)))
((Your lower body shifts to a powerful aquatic tail in water.))


Message History

The spell is quite dangerous to miscast (19% risk of failure)!
Continue anyway?
You miscast Spider Form.
You are very lightly contaminated with residual magic.
Nothing appears to happen.
Blork the orc closely misses you.
Unknown command.
Casting: Spider Form (quite dangerous; 19% risk of failure)
Confirm with . or Enter, or press ? or * to list all spells.
The spell is quite dangerous to miscast (19% risk of failure)!
Continue anyway?
You turn into a venomous arachnid creature.
Your +2 short sword of venom melds into your body.
Your +0 robe melds into your body.
Your +2 short sword of venom stops dripping with poison.
Blork the orc hits you with a +0 dire flail!
Unknown command.
Unknown command.
You hit Blork the orc.
Blork the orc is poisoned.
Blork the orc is lightly wounded.
The howler monkey hoots and howls with incredible vigour!
Blork the orc gestures at you while chanting.
The puff of frost hits you!
You hear a bark!
You hear an angry hiss.
Unknown command.
You barely miss Blork the orc.
Blork the orc is moderately wounded.
The howler monkey misses you.
Blork the orc hits you with a +0 dire flail!
* * * LOW HITPOINT WARNING * * *
Unknown command.
You hit Blork the orc.
Blork the orc is heavily wounded.
The howler monkey hoots and howls with incredible vigour!
The endoplasm completely misses you. Blork the orc completely misses you.
Unknown command.
You hit Blork the orc.
Blork the orc looks as sick as possible!
Blork the orc is heavily wounded.
The howler monkey barely misses you.
The endoplasm hits you but does no damage.
Blork the orc hits you with a +0 dire flail!
You die...

#.....###
##.......###
.##..........# ..
.............### ...
#.............. ...
#............#
#.##..# #..Jho..#
####.....###...s...##
#.........###.......#
#.....#.∩.##..!...###
.......##>.##.......#
.......#..(#...#....#
...............##..##
................##.#
.......#.##....## ##
.......#....#..#


You could see Blork the orc (extremely poisoned), a howler monkey (catching
breath) and an endoplasm.

Vanquished Creatures
  2 orc priests (D:3)
  An iguana (D:4)
  4 adders
  A dart slug (D:4)
  4 orcs
  5 ball pythons
  6 endoplasms
  3 giant cockroaches
  11 goblins
  8 hobgoblins
  3 quokkas (D:1)
  5 bats
  6 frilled lizards
  2 kobolds
  3 rats
64 creatures vanquished.

Notes
Turn   | Place    | Note
-------+----------+-------------------------------------------
     0 | D:1      | leafyfresh the Merfolk Transmuter began the quest for the
                  | Orb.
     0 | D:1      | Reached XP level 1. HP: 15/15 MP: 3/3
    78 | D:1      | Reached skill level 3 in Transmutations
   152 | D:1      | Reached XP level 2. HP: 21/21 MP: 5/5
   221 | D:1      | Found a faded altar of an unknown god.
   304 | D:1      | Reached skill level 4 in Transmutations
   626 | D:1      | Reached XP level 3. HP: 26/26 MP: 6/6
   752 | D:1      | Learned a level 3 spell: Spider Form
   902 | D:2      | Reached skill level 5 in Transmutations
  1901 | D:3      | Found a shadowy altar of Dithmenos.
  1910 | D:3      | Reached skill level 6 in Transmutations
  1910 | D:3      | Reached XP level 4. HP: 13/32 MP: 3/7
  2646 | D:3      | Reached XP level 5. HP: 37/37 MP: 8/8
  2832 | D:3      | Found a glowing golden altar of the Shining One.
  3174 | D:4      | Found Ymiu's General Store.
  3187 | D:4      | Noticed Blork the orc
  3196 | D:4      | Slain by Blork the orc

Illustrated notes

Levels and vault maps discovered:
D:1:      ebering_hopf_link, layout_loops_ring, ebering_ecumenical_altar_mist,
          minmay_lizard_pond
D:2:      layout_basic
D:3:      cheibrodos_greedy_goblins, layout_basic,
          mainiacjoe_overflow_concentric_impassable,
          mainiacjoe_overflow_tiny_flanked
D:4:      layout_cave_pools, cheibrodos_worm_habitat, serial_shops, shop,
          uniq_blork_the_orc, uniq_robin

Skill      XL: |  1  2  3  4  5 |
---------------+----------------+-----
Transmutations | 3 4 6 |  6.6
Dodging        | 3 |  3.4
Fighting       | 2 |  2.0
Unarmed Combat | |  3.7
Spellcasting   | |  2.0

Action                     |  1- 3 |  4- 6 || total
---------------------------+-------+-------++-------
  Melee: Unarmed           |    77 |    53 ||   130
         Headbutt          |     7 |       ||     7
         Short sword       |    48 |       ||    48
         Punch             |     3 |     1 ||     4
         Staff             |     8 |    31 ||    39
   Cast: Beastly Appendage |     6 |       ||     6
         Spider Form       |     5 |     8 ||    13
   Stab: Sleeping          |     2 |       ||     2
 Armour: Robe              |    14 |    10 ||    24
         Skin              |     4 |     3 ||     7
  Dodge: Dodged            |   107 |    94 ||   201
